 Dungeon Crawl Stone Soup version 0.30-a0-779-g7971cf19c3 (webtiles) character file.

Game seed: 2859831878176596053

1946477 freelancePsychic the Force of Nature (level 27, 221/221 (232) HPs)
             Began as a Human Brigand on Feb 17, 2023.
             Was the Champion of Fedhas.
             Escaped with the Orb
             ... and 3 runes!
             The game lasted 02:00:21 (49447 turns).

freelancePsychic the Force of Nature (HuBr)        Turns: 49447, Time: 02:00:21

HP:   221/221 (232) AC: 22    Str: 12 (13) XL:     27
MP:   39/39         EV: 43    Int: 12      God:    Fedhas [******]
Gold: 2874          SH:  8    Dex: 38      Spells: 28/30 levels left

rFire   + + .      SeeInvis +    a - +9 arbalest (flame)
rCold   + . .      Faith    .    (shield currently unavailable)
rNeg    + . .      Spirit   +    F - +4 moon troll leather armour {Spirit, Regen++ MP+5}
rPois   +          Reflect  .    l - -2 hat of the Alchemist {rElec rPois rF+ rC+ rN+ Will+ rMut rCorr}
rElec   +          Harm     .    c - +2 cloak
rCorr   +          Rampage  .    W - +0 pair of fencer's gloves {Riposte Dex+3}
rMut    +          Clarity  +    v - +2 pair of boots {Stlth+}
Will    +++..                    T - brooch of Shielding {Spirit SH+8}
Stlth   +++                      f - ring of Yesterday {rPois rF+ Dex+2 SInv}
HPRegen 2.16/turn                R - +6 ring of dexterity
MPRegen 0.26/turn

@: lightly drained
A: hooves 1, iridescent scales 2, clarity, deterioration 1, low MP 1
0: Orb of Zot
}: 3/15 runes: barnacled, abyssal, gossamer
a: Renounce Religion, Wall of Briars, Grow Ballistomycete, Overgrow, Grow Oklob


You escaped.
You worshipped Fedhas.
Fedhas was exalted by your worship.
You visited 9 branches of the dungeon, and saw 46 of its levels.
You visited the Abyss 1 time.
You visited 1 bazaar.
You also visited: Gauntlet, Wizlab and Desolation.

You collected 5829 gold pieces.
You spent 2955 gold pieces at shops.

Inventory:

Hand Weapons
 a - a +9 arbalest of flaming (weapon)
 u - a +4 hand crossbow of freezing
Missiles
 e - 21 poisoned darts
 o - 21 curare-tipped darts
 K - 2 throwing nets
Armour
 c - a +2 cloak (worn)
 l - the -2 hat of the Alchemist (worn) {rElec rPois rF+ rC+ rN+ Will+ rMut rCorr}
   (You found it in a wizard's laboratory)

   rF:        It protects you from fire.
   rC:        It protects you from cold.
   rElec:     It insulates you from electricity.
   rPois:     It protects you from poison.
   rN:        It protects you from negative energy.
   rCorr:     It protects you from acid and corrosion.
   rMut:      It protects you from mutation.
   Will:      It increases your willpower.
 v - a +2 pair of boots of stealth (worn)
 F - the +4 moon troll leather armour (worn) {Spirit, Regen++ MP+5}
   (You bought it in a shop on level 2 of the Orcish Mines)

   MP:        It affects your magic capacity (+5).
   Regen:     It increases your rate of health regeneration.
 W - the +0 pair of fencer's gloves (worn) {Riposte Dex+3}
   (You found it in a Gauntlet)

   Riposte:   It allows the wearer to riposte with melee weapons, swiftly
   retaliating against missed or blocked melee attacks.
   Dex:       It affects your dexterity (+3).
Jewellery
 f - the ring of Yesterday (left hand) {rPois rF+ Dex+2 SInv}
   (You found it on level 2 of the Depths)

   [ring of poison resistance]

   Dex:       It affects your dexterity (+2).
   rF:        It protects you from fire.
   rPois:     It protects you from poison.
   SInv:      It lets you see invisible.
 G - a +5 ring of evasion
 I - the ring of Mirth {rElec Will++ MP+9 EV+5 Dex-3}
   (You found it on level 3 of the Elven Halls)

   [ring of evasion]

   EV:        It affects your evasion (+5).
   Dex:       It affects your dexterity (-3).
   rElec:     It insulates you from electricity.
   MP:        It affects your magic capacity (+9).
   Will:      It greatly increases your willpower.
 L - the ring "Tinac" {Will+ SInv}
   (You found it in a Gauntlet)

   [ring of see invisible]

   SInv:      It lets you see invisible.
   Will:      It increases your willpower.
 M - a ring of flight
 R - a +6 ring of dexterity (right hand)
 T - the brooch of Shielding (around neck) {Spirit SH+8}
   (You took it off a meliai on level 14 of the Dungeon)

   [amulet of guardian spirit]

   It causes incoming damage to be divided between your reserves of health and
   magic.
   SH:        It affects your SH (+8).
 Y - a ring of protection from fire
Wands
 g - a wand of digging (25)
 x - a wand of light (24)
 C - a wand of flame (92)
 E - a wand of paralysis (37)
 J - a wand of mindburst (18)
 U - a wand of roots (8)
Scrolls
 j - 5 scrolls of immolation
 k - 4 scrolls of silence
 n - 14 scrolls of teleportation {@r4}
 r - 2 scrolls of brand weapon
 y - 6 scrolls of blinking
 A - 8 scrolls of fog
 D - 5 scrolls of fear
 H - a scroll of butterflies
 O - 5 scrolls of amnesia
 S - 2 scrolls of enchant armour
 V - 14 scrolls of poison
Potions
 b - 2 potions of resistance
 d - 13 potions of brilliance
 h - 4 potions of magic
 i - 4 potions of berserk rage
 m - 7 potions of haste {@q3}
 q - 25 potions of mutation
 s - 2 potions of heal wounds {@q2}
 t - 11 potions of curing {@q1}
 w - 2 potions of cancellation
 z - 8 potions of lignification
 P - 4 potions of attraction
 Q - 3 potions of might
 X - 5 potions of flight
 Z - 7 potions of ambrosia
Miscellaneous
 N - a phantom mirror


   Skills:
 - Level 22.3 Fighting
 - Level 2.0 Short Blades
 - Level 18.0 Ranged Weapons
 - Level 2.0 Throwing
 - Level 15.8 Armour
 - Level 22.3 Dodging
 - Level 12.0 Stealth
 - Level 2.0 Spellcasting
 - Level 6.0 Transmutations
 * Level 23.0 Invocations


You had 28 spell levels left.
You knew the following spells:

 Your Spells              Type           Power      Damage    Failure   Level
a - Wereblood             Tmut           15%        N/A       4%          2

Your spell library contained the following spells:

 Spells                   Type           Power      Damage    Failure   Level
 Beastly Appendage        Tmut           30%        N/A       2%          1
 Sting                    Tmut/Pois      32%        1d4       10%         1
 Passwall                 Tmut/Erth      6%         N/A       14%         2
 Spider Form              Tmut/Pois      8%         N/A       28%         3
 Apportation              Tloc           2%         N/A       32%         1
 Foxfire                  Conj/Fire      4%         2x1d4     32%         1
 Magic Dart               Conj           4%         1d3       32%         1
 Necrotise                Necr           4%         1d4       32%         1
 Sandblast                Erth           2%         2d4       32%         1
 Summon Small Mammal      Summ           4%         N/A       32%         1
 Ignite Poison            Fire/Tmut/Pois 6%         N/A       38%         3
 Blink                    Tloc           2%         N/A       43%         2
 Call Imp                 Summ           1%         N/A       43%         2
 Cigotuvi's Dreadful Rot  Necr/Pois/Air  2%         N/A       43%         2
 Ensorcelled Hibernation  Hex/Ice        2%         N/A       43%         2
 Poisonous Vapours        Pois/Air       2%         N/A       43%         2
 Static Discharge         Conj/Air       2%         2-3/arc   43%         2
 Blade Hands              Tmut           7%         N/A       58%         5
 Call Canine Familiar     Summ           1%         N/A       67%         3
 Dazzling Flash           Conj/Hex       2%         N/A       67%         3
 Hailstorm                Conj/Ice       1%         3d3       67%         3
 Kindle Blastsparks       Fire/Tloc/Air  2%         2d10      67%         3
 Mephitic Cloud           Conj/Pois/Air  1%         N/A       67%         3
 Ozocubu's Armour         Ice            1%         N/A       67%         3
 Portal Projectile        Hex/Tloc       2%         N/A       67%         3
 Stone Arrow              Conj/Erth      2%         3d7       67%         3
 Summon Guardian Golem    Hex/Summ       1%         N/A       67%         3
 Swiftness                Air            1%         N/A       67%         3
 Vampiric Draining        Necr           1%         2d6       67%         3
 Ice Form                 Ice/Tmut       8%         N/A       67%         4
 Petrify                  Tmut/Erth      8%         N/A       67%         4
 Yara's Violent Unravell  Hex/Tmut       4%         3d4       95%         5
 Anguish                  Hex/Necr       0%         N/A       97%         4
 Animate Armour           Summ/Erth      2%         N/A       97%         4
 Animate Dead             Necr           1%         N/A       97%         4
 Cause Fear               Hex            0%         N/A       97%         4
 Dispel Undead            Necr           1%         3d6       97%         4
 Flame Wave               Conj/Fire      1%         2d4       97%         4
 Leda's Liquefaction      Hex/Erth       0%         N/A       97%         4
 Manifold Assault         Tloc           1%         N/A       97%         4
 Olgreb's Toxic Radiance  Pois           1%         N/A       97%         4
 Sticky Flame             Conj/Fire      1%         2d3       97%         4
 Agony                    Necr           1%         N/A       100%        5
 Borgnjor's Vile Clutch   Necr/Erth      0%         N/A       100%        5
 Fireball                 Conj/Fire      0%         3d3       100%        5
 Freezing Cloud           Conj/Ice/Air   0%         6-21      100%        5
 Iskenderun's Battlesphe  Conj           1%         2d6       100%        5
 Lee's Rapid Deconstruct  Erth           0%         3d4*      100%        5
 Metabolic Englaciation   Hex/Ice        0%         N/A       100%        5
 Silence                  Hex/Air        0%         N/A       100%        5
 Conjure Ball Lightning   Conj/Air       0%         3x3d6     100%        6
 Death Channel            Necr           0%         N/A       100%        6
 Eringya's Noxious Bog    Tmut/Pois      4%         N/A       100%        6
 Iron Shot                Conj/Erth      0%         9d1       100%        6
 Simulacrum               Ice/Necr       0%         N/A       100%        6
 Starburst                Conj/Fire      0%         6d3       100%        6
 Statue Form              Tmut/Erth      5%         N/A       100%        6
 Dragon Form              Tmut           7%         N/A       100%        7
 Enfeeble                 Hex            0%         N/A       100%        7
 Haunt                    Necr/Summ      0%         N/A       100%        7
 Malign Gateway           Summ/Tloc      0%         N/A       100%        7
 Orb of Destruction       Conj           0%         9d5       100%        7
 Ozocubu's Refrigeration  Ice            0%         4d7       100%        7
 Spellforged Servitor     Conj/Summ      0%         N/A       100%        7
 Storm Form               Tmut/Air       4%         N/A       100%        7
 Discord                  Hex            0%         N/A       100%        8
 Disjunction              Tloc           0%         N/A       100%        8
 Ignition                 Fire           0%         3d3       100%        8
 Infestation              Necr           0%         N/A       100%        8
 Lehudib's Crystal Spear  Conj/Erth      0%         10d2      100%        8
 Necromutation            Tmut/Necr      4%         N/A       100%        8
 Summon Horrible Things   Summ           0%         N/A       100%        8
 Chain Lightning          Conj/Air       0%         2d1       100%        9
 Dragon's Call            Summ           0%         N/A       100%        9
 Polar Vortex             Ice            0%         N/A       100%        9


Dungeon Overview and Level Annotations

Branches:
Dungeon (15/15)            Temple (0/1) D:7            Lair (5/5) D:9
 Shoals (4/4) Lair:2       Spider (4/4) Lair:3        Slime (0/5) Lair:5
    Orc (2/2) D:10            Elf (3/3) Orc:2        Vaults (4/5) D:14
  Crypt (0/3) Vaults:3     Depths (4/4) D:15            Zot (5/5) Depths:4
 WizLab (visited)         Desolation (visited)      Gauntlet (visited)

Altars:
Cheibriados
Dithmenos
Elyvilon
Fedhas
Gozag
Hepliaklqana
Kikubaaqudgha
Makhleb
Nemelex Xobeh
Okawaru
Ru
Sif Muna
Uskayaw
Vehumet
Yredelemnul
The Shining One
Jiyva

Shops:
D:6 [   D:11 !   Orc:2 ([([   Elf:1 =   Shoals:1 =   Shoals:4 (   Vaults:4 (
Depths:1 =

Portals:
Hell: Lair:5 Depths:1 Depths:2 Depths:3 Depths:4
Abyss: Lair:3 Depths:3
Pandemonium: Depths:2
Ziggurat: Depths:1

Annotations:
D:14 Roxanne
Lair:3 1 runed translucent door, 2 transporters, Rupert; sigtrap's ghost, journeyman MiFi
Shoals:1 3 runed translucent doors, ragingrage's ghost, journeyman DrCA
Shoals:4 3 runed translucent doors
Elf:2 5 runed translucent doors


Innate Abilities, Weirdness & Mutations

You have large cloven feet.
You are mostly covered in iridescent scales. (AC +4)
You possess an exceptional clarity of mind.
Your body sometimes deteriorates upon taking damage.
Your magical capacity is low. (-10% MP)


Message History

You block the Executioner's attack.
You shoot a bolt. The bolt hits the Executioner!
The bolt burns the Executioner.
You kill the Executioner!
Fedhas accepts your kill.
Your Invocations skill increases to level 23!
No target in view!
No target in view!
No target in view!
No target in view!
No target in view!
No target in view!
No target in view!
No target in view!
No target in view!
No target in view!
No target in view!
No target in view!
No target in view!
No target in view!
No target in view!
No target in view!
No target in view!
No target in view!
No target in view!
No target in view!
No target in view!
No target in view!
(D) Dungeon (T) Temple (L) Lair (A) Shoals (N) Spider Nest (M) Slime Pits (O) Orcish Mines (E) Elven Halls (V) Vaults (C) Crypt (U) Depths (H) Hell (Z) Zot
Where to? (Enter - D:1 @ (x,y), ? - help) HP restored.
There is a stone staircase leading up, spattered with blood here.
You climb upwards.
There is a stone staircase leading down here.
There is an open door here.
There is a staircase leading out of the dungeon here.
You have escaped!

..........#.####....#
.................#### #
............####### #
..............'.#.############ ##
..........#####.#......#.....###.
..........# #.#.............##.
..........## #.#..............รท.
...........####.##.............##
###...........'.@#.............#
#.......#####.##.............#
#######.### #.#............[.#
#...###.#.............##
###...#.##....>#.....##
###.'.############## #####


There were no monsters in sight!

Vanquished Creatures
  5 ancient liches
  An orb of fire (Zot:5)
  2 Killer Klowns (Zot:5)
  Bai Suzhen (Shoals:4)
  2 caustic shrikes (Depths:2)
  4 golden dragons
  Nikola (Elf:2)
  A curse toe (Zot:5)
  A mutant beast (WizLab)
  An electric golem (Zot:5)
  3 tentacled monstrosities
  22 Orb Guardians
  A shard shrike skeleton (Abyss:5)
  3 liches
  A deep elf master archer (Elf:3)
  2 Ice Fiends
  Mlioglotl (Shoals:1)
  A deep elf blademaster (Elf:3)
  A kraken (Shoals:4)
  6 sphinxes
  2 death cobs
  4 tentacled starspawn
  Agnes (Spider:3)
  3 Executioners
  The ghost of Ubraesch the Brawler, an adept TrMo of Nemelex Xobeh (Depths:2)
  A tengu reaver (Depths:2)
  8 shadow dragons
  4 storm dragons
  A draconian monk (Abyss:5)
  Donald (Vaults:3)
  A daeva (Abyss:5)
  4 fire giants
  4 frost giants
  11 deep elf sorcerers
  9 ghost moths
  3 imperial myrmidons (Desolation)
  A balrug (Depths:4)
  12 vault wardens
  4 emperor scorpions
  A draconian scorcher (Abyss:5)
  4 iron dragons
  2 cacodemons
  2 orc warlords (Vaults:3)
  A caustic shrike skeleton (Abyss:3)
  A war gargoyle (Vaults:4)
  A draconian stormcaller (Depths:4)
  6 broodmothers
  10 ironbound thunderhulks
  12 ironbound preservers
  21 very ugly things
  A deep elf elementalist (Elf:3)
  11 stone giants
  3 reapers
  A vampire knight (Vaults:3)
  2 spriggan defenders (Depths:2)
  6 deep elf demonologists
  3 black draconians
  2 white draconians
  A minotaur (Gauntlet)
  3 lorocyprocas
  2 purple draconians (Depths:4)
  4 yellow draconians
  2 deep elf annihilators (Elf:3)
  A red draconian (Depths:3)
  A dire elephant (Vaults:4)
  22 starcursed masses
  4 spark wasps
  A blizzard demon (Depths:3)
  3 ettins
  A green death (Depths:1)
  7 entropy weavers
  5 jiangshi
  9 merfolk impalers
  5 fire dragons
  4 merfolk javelineers (Shoals:4)
  3 crystal guardians
  5 deep elf death magi
  5 ragged hierophants (Desolation)
  Fannar (D:11)
  9 yaktaur captains
  3 deep elf high priests
  7 great orbs of eyes
  Josephine (D:14)
  3 rakshasas
  8 ice dragons
  8 servants of whispers (Desolation)
  A ghost crab (Gauntlet)
  3 hell beasts
  A quicksilver dragon skeleton (Vaults:4)
  A vault guard (D:14)
  4 hydras
  10 boulder beetles
  3 merfolk avatars
  8 ironbound frosthearts
  4 spriggan air magi
  11 peacekeepers
  An anaconda (shapeshifter) (Depths:4)
  32 centaur warriors
  5 radroaches
  3 merfolk aquamancers (Shoals:4)
  2 satyrs
  10 deep troll shamans
  An alligator snapping turtle (Shoals:3)
  3 death yaks (Lair:2)
  2 death knights
  12 dancing weapons
  4 hell hogs (Abyss:3)
  A death scarab (Spider:4)
  8 two-headed ogres
  6 tengu warriors
  6 spriggan berserkers
  5 vampire magi
  An orc high priest (Orc:2)
  8 deep troll earth magi
  10 thrashing horrors
  Sonja (D:13)
  5 hell knights
  4 sun demons
  2 soul eaters
  Nergalle (D:11)
  5 wretched stars
  A storm dragon zombie (Vaults:3)
  2 sun moths
  Lodul (D:11)
  13 deep elf knights
  A shadow wraith (Abyss:4)
  A fire crab (shapeshifter) (WizLab)
  A glowing orange brain (Abyss:5)
  4 sixfirhies
  3 shadow demons
  11 pharaoh ants
  4 sea snakes
  2 skysharks
  60 deep trolls
  11 iron trolls
  2 spatial maelstroms
  9 orb spiders
  A lindwurm (shapeshifter) (WizLab)
  A flayed ghost (Depths:3)
  12 deep elf archers
  12 wizards
  23 ironbound convokers
  A tengu zombie (Vaults:3)
  25 deep elf pyromancers
  A shadow dragon zombie (Vaults:3)
  9 lindwurms
  7 steelbarb worms
  31 deep elf zephyrmancers
  A fenstrider witch simulacrum (Abyss:3)
  6 necromancers
  7 orc knights
  22 harpies
  43 ugly things
  4 draconians
  27 wolf spiders
  13 manticores
  A fire giant zombie (Vaults:4)
  An orc sorcerer (Orc:2)
  A shining eye (Abyss:5)
  A shining eye (shapeshifter) (Elf:3)
  10 cyclopes
  2 fauns (Shoals:1)
  A worldbinder (Abyss:3)
  5 elephants (Lair:2)
  13 moths of wrath
  3 apocalypse crabs (Abyss:3)
  6 demonic crawlers
  A guardian serpent (Desolation)
  A guardian serpent (shapeshifter) (WizLab)
  8 vault sentinels
  A merfolk siren (Shoals:1)
  2 orange demons (Lair:5)
  6 water nymphs
  A yaktaur zombie (Vaults:3)
  6 torpor snails
  6 smoke demons
  2 gargoyles
  7 cane toads
  An unseen horror (D:11)
  6 komodo dragons
  14 rime drakes
  2 rime drakes (shapeshifter)
  3 ice devils (Lair:5)
  A freezing wraith (D:14)
  40 yaktaurs
  Psyche (D:8)
  2 komodo dragons (shapeshifter) (WizLab)
  5 efreet
  6 ancient zymes
  A human skeleton (Vaults:3)
  5 tengu conjurers
  A hellwing (Lair:5)
  2 red devils
  9 trolls
  5 meliai
  A queen bee (shapeshifter) (D:15)
  3 wind drakes
  3 polar bears
  9 merfolk
  A polar bear (shapeshifter) (WizLab)
  32 tarantellas
  2 wind drakes (shapeshifter) (WizLab)
  12 blink frogs
  An ettin zombie (Vaults:3)
  6 hornets
  55 saltlings (Desolation)
  2 raiju (Gauntlet)
  2 dream sheep (shapeshifter) (WizLab)
  A stone giant simulacrum (Vaults:3)
  6 snapping turtles
  26 jumping spiders
  A raiju (shapeshifter) (WizLab)
  2 air elementals
  3 jumping spiders (shapeshifter)
  25 slime creatures
  Sigmund (D:5)
  20 large abominations
  2 centaur simulacra (Gauntlet)
  7 wraiths
  3 shadows
  24 culicivoras
  10 water elementals
  A culicivora (shapeshifter) (WizLab)
  5 ynoxinuls
  23 yaks
  5 spriggans
  A spriggan (shapeshifter) (WizLab)
  An elf skeleton (Vaults:3)
  8 wyverns
  2 humans (shapeshifter) (WizLab)
  A vampire (D:14)
  3 hogs (shapeshifter) (WizLab)
  2 golden eyes (shapeshifter)
  2 basilisks (shapeshifter) (D:14)
  3 fire elementals
  A steam dragon (shapeshifter) (WizLab)
  A yaktaur simulacrum (Vaults:4)
  61 redbacks
  3 basilisks
  2 neqoxecs
  2 human simulacra (Vaults:3)
  8 vampire mosquitoes
  2 chaos spawn
  A spatial vortex (Abyss:3)
  11 steam dragons
  2 wargs
  10 water moccasins
  2 glowing shapeshifter zombies (Vaults:4)
  An iron golem (WizLab)
  An acid dragon (D:12)
  3 swamp worms (Gauntlet)
  9 hell hounds
  27 orc warriors
  13 small abominations
  4 floating eyes (WizLab)
  A glowing shapeshifter skeleton (Vaults:3)
  A swamp drake (D:9)
  2 ice beasts
  A black bear (shapeshifter) (WizLab)
  12 ogres
  4 boggarts
  2 black bears
  3 wolves (Lair:4)
  15 centaurs
  2 phantoms
  3 kobold brigands
  3 bullfrogs
  2 necrophages
  A scorpion (D:6)
  2 water moccasin zombies (D:6)
  2 earth elementals (Elf:2)
  7 wights
  18 killer bees
  7 howler monkeys
  2 electric eels (D:8)
  A crimson imp (D:9)
  3 quasits (Abyss:3)
  3 centaur zombies (D:6)
  3 hounds
  6 jellies
  Crazy Yiuf (D:6)
  A gnoll bouda (D:6)
  16 orc priests
  A wyvern simulacrum (Gauntlet)
  An iron imp (D:9)
  6 iguanas
  21 orc wizards
  A lightning spire (Gauntlet)
  A killer bee zombie (D:6)
  11 gnolls
  5 adders
  A shadow imp (D:9)
  2 white imps
  2 ufetubi
  A worm (D:2)
  3 dart slugs
  96 orcs
  5 ball pythons
  7 endoplasms
  2 giant cockroaches
  7 goblins
  10 hobgoblins
  2 jackals (D:1)
  5 quokkas
  5 bats
  4 frilled lizards
  15 kobolds
  5 rats
  3 ballistomycete spores
  2 starspawn tentacles
  5 tentacles (Shoals:4)
1932 creatures vanquished.

Vanquished Creatures (collateral kills)
  2 dread liches (Zot:5)
  2 orbs of fire (Zot:5)
  A Killer Klown (Zot:5)
  An electric golem (Zot:5)
  5 Orb Guardians (Zot:5)
  A deep elf master archer (Elf:3)
  A shadow dragon (Zot:5)
  A deep elf sorcerer (Elf:3)
  A deep elf elementalist (Elf:3)
  An orc warlord (Orc:2)
  2 deep elf annihilators (Elf:3)
  A black draconian (Zot:5)
  A spark wasp (Spider:4)
  2 deep elf death magi (Elf:3)
  A deep elf high priest (Elf:3)
  A deep elf archer (Elf:3)
  2 wolf spiders (Spider:4)
  An orc sorcerer (Orc:2)
  A moth of wrath (Zot:5)
  A black mamba (Lair:1)
  A meliai (Spider:4)
  2 tarantellas
  A blink frog (Lair:3)
  7 jumping spiders (Spider:4)
  A culicivora (Spider:4)
  4 yaks
  A redback (Spider:4)
  A water moccasin (Lair:3)
  2 orc warriors (Orc:2)
  An ice beast (D:5)
  A bullfrog (Lair:1)
  12 killer bees
  2 orc priests (Orc:2)
  2 orc wizards (D:5)
  A gnoll (D:4)
  2 adders
  A white imp (D:5)
  9 orcs
  72 ballistomycete spores
152 creatures vanquished.

Vanquished Creatures (others)
  A deep elf knight (Elf:2)
  A pharaoh ant (Spider:2)
  3 wizards
  A deep elf pyromancer (Elf:2)
  A merfolk (Shoals:4)
  6 golden eyes (Abyss:3)
  3 wights (D:9)
  A jelly (Abyss:3)
  An orc wizard (D:9)
  3 orcs (D:9)
  5 ballistomycete spores
  22 fungi
  2 lurking horrors (Abyss:3)
  61 plants
  7 starspawn tentacles
  16 tentacles (Shoals:4)
134 creatures vanquished.

Grand Total: 2218 creatures vanquished

Notes
Turn   | Place    | Note
-------+----------+-------------------------------------------
     0 | D:1      | freelancePsychic the Human Brigand began the quest for the
                  | Orb.
     0 | D:1      | Reached XP level 1. HP: 16/16 MP: 1/1
   117 | D:1      | Reached XP level 2. HP: 22/22 MP: 2/2
   153 | D:1      | Found a faded altar of an unknown god.
   158 | D:1      | Prayed at the altar of an unknown god.
   158 | D:1      | Became a worshipper of Fedhas Madash
   158 | D:1      | Reached * piety under Fedhas
   366 | D:1      | Reached XP level 3. HP: 25/28 MP: 3/3
   620 | D:2      | Reached skill level 1 in Ranged Weapons
   692 | D:2      | Reached XP level 4. HP: 16/34 MP: 4/4
   697 | D:2      | Reached skill level 5 in Stealth
   946 | D:2      | Reached ** piety under Fedhas
  1088 | D:2      | Reached XP level 5. HP: 20/41 MP: 5/5
  1223 | D:2      | Reached skill level 1 in Invocations
  1539 | D:3      | Found a hide-covered altar of Uskayaw.
  2176 | D:3      | Reached skill level 2 in Invocations
  2404 | D:3      | Reached XP level 6. HP: 37/47 MP: 7/7
  2485 | D:4      | Identified the +8 trident "Ydab" {freeze, rN++ rCorr Dex-5
                  | Stlth+}
  2804 | D:4      | Reached skill level 3 in Invocations
  2855 | D:4      | Reached *** piety under Fedhas
  2994 | D:4      | Found a glowing golden altar of the Shining One.
  3060 | D:4      | Found a sparkling altar of Nemelex Xobeh.
  3219 | D:5      | Entered Level 5 of the Dungeon
  3227 | D:5      | Noticed an ice beast
  3238 | D:5      | Killed an ice beast
  3239 | D:5      | Reached XP level 7. HP: 44/54 MP: 5/9
  3239 | D:5      | Noticed Sigmund
  3257 | D:5      | Killed Sigmund
  3258 | D:5      | Reached skill level 4 in Invocations
  3578 | D:5      | Reached skill level 5 in Fighting
  3578 | D:5      | Reached XP level 8. HP: 29/62 MP: 8/11
  3773 | D:5      | Reached skill level 5 in Ranged Weapons
  3945 | D:5      | Found an ancient bone altar of Kikubaaqudgha.
  4573 | D:6      | Gained mutation: You possess an exceptional clarity of
                  | mind. [potion of mutation]
  4573 | D:6      | Gained mutation: You have large cloven feet. [potion of
                  | mutation]
  4573 | D:6      | Gained mutation: You are partially covered in iridescent
                  | scales. (AC +2) [potion of mutation]
  4573 | D:6      | Gained mutation: You are mostly covered in iridescent
                  | scales. (AC +4) [potion of mutation]
  4790 | D:6      | Found a basalt altar of Yredelemnul.
  4814 | D:6      | Found Dagacim's Armour Boutique.
  5344 | D:6      | Found an iron altar of Okawaru.
  5438 | D:6      | Reached XP level 9. HP: 69/69 MP: 12/12
  5486 | D:6      | Found a hazy altar of Hepliaklqana.
  5594 | D:6      | Found a runed translucent door.
  5595 | D:6      | Noticed Crazy Yiuf
  5969 | D:6      | Killed Crazy Yiuf
  6105 | D:6      | Bought a +3 leather armour of positive energy for 252 gold
                  | pieces
  6229 | D:7      | Found a blossoming altar of Fedhas.
  6236 | D:7      | Found a shadowy altar of Dithmenos.
  6244 | D:7      | Reached **** piety under Fedhas
  6462 | D:7      | Found a staircase to the Ecumenical Temple.
  6979 | D:7      | Found a burning altar of Makhleb.
  6979 | D:7      | Noticed a cacodemon
  6982 | D:7      | Noticed an orange demon
  6982 | D:7      | Noticed an orange demon
  7147 | D:8      | Found a sacrificial altar of Ru.
  7194 | D:8      | Reached skill level 5 in Invocations
  7499 | D:8      | Reached XP level 10. HP: 58/77 MP: 10/14
  7754 | D:8      | Reached skill level 6 in Invocations
  7834 | D:8      | Found an opulent altar of Gozag.
  8001 | D:8      | Reached skill level 5 in Dodging
  8167 | D:8      | Found a radiant altar of Vehumet.
  8194 | D:8      | Noticed a two-headed ogre
  8207 | D:8      | Killed a two-headed ogre
  8208 | D:8      | Reached skill level 7 in Invocations
  8242 | D:8      | Found a white marble altar of Elyvilon.
  8374 | D:8      | Noticed Psyche
  8376 | D:8      | Killed Psyche
  8925 | D:9      | Reached XP level 11. HP: 78/84 MP: 16/16
  8989 | D:9      | Reached skill level 8 in Invocations
  9025 | D:9      | Found a snail-covered altar of Cheibriados.
  9043 | D:9      | Found a shimmering blue altar of Sif Muna.
  9083 | D:9      | Reached ***** piety under Fedhas
  9223 | D:9      | Found a staircase to the Lair.
  9373 | D:9      | Noticed a deep elf zephyrmancer
  9386 | D:9      | Killed a deep elf zephyrmancer
  9572 | D:9      | Noticed a deep elf pyromancer
  9574 | D:9      | Killed a deep elf pyromancer
  9707 | D:10     | Entered Level 10 of the Dungeon
  9708 | D:10     | Noticed a manticore
  9717 | D:10     | Killed a manticore
  9718 | D:10     | Reached skill level 10 in Ranged Weapons
  9961 | D:10     | Found a staircase to the Orcish Mines.
 10437 | Lair:1   | Entered Level 1 of the Lair of Beasts
 10601 | Lair:1   | Reached XP level 12. HP: 97/97 MP: 15/18
 11095 | Lair:1   | Reached skill level 10 in Fighting
 12158 | Lair:2   | Noticed a death yak
 12164 | Lair:2   | Noticed a death yak
 12167 | Lair:2   | Noticed a death yak
 12170 | Lair:2   | Killed a death yak
 12174 | Lair:2   | Noticed a skyshark
 12175 | Lair:2   | Killed a death yak
 12176 | Lair:2   | Killed a death yak
 12186 | Lair:2   | Killed a skyshark
 12488 | Lair:2   | Found a staircase to the Shoals.
 12899 | Lair:3   | Noticed sigtrap's ghost (journeyman MiFi)
 12899 | Lair:3   | Found a one-way gate to the infinite horrors of the Abyss.
 12900 | Lair:3   | Noticed a rakshasa
 12935 | Lair:3   | Reached XP level 13. HP: 94/106 MP: 19/19
 12990 | Lair:3   | Noticed Rupert
 13059 | Lair:3   | Found a runed translucent door.
 13096 | Lair:3   | Found a transporter.
 13096 | Lair:3   | Found a transporter.
 13100 | Lair:3   | Noticed a cacodemon
 13332 | Lair:3   | Found a hole to the Spider Nest.
 13606 | Lair:3   | Noticed a six-headed hydra
 14323 | Lair:4   | Identified the +7 dagger "Lalut" {drain, +Blink Will+ Int+4
                  | Dex-4}
 14363 | Lair:4   | Noticed a fire dragon
 14371 | Lair:4   | Killed a fire dragon
 14372 | Lair:4   | Reached skill level 9 in Invocations
 15132 | Lair:5   | Entered Level 5 of the Lair of Beasts
 15175 | Lair:5   | Noticed a four-headed hydra
 15180 | Lair:5   | Killed a four-headed hydra
 15479 | Lair:5   | Found a viscous altar of Jiyva.
 15479 | Lair:5   | Found a staircase to the Slime Pits.
 15526 | Lair:5   | Identified the +1 leather armour of Cheibriados's Regard
                  | {Str+4}
 15919 | Lair:5   | Reached XP level 14. HP: 56/116 MP: 15/20
 16303 | Lair:5   | Reached skill level 10 in Dodging
 16337 | Lair:5   | Found a burning altar of Makhleb.
 16343 | Lair:5   | Found a gateway to Hell.
 16548 | D:11     | Noticed Fannar
 16566 | D:11     | Killed Fannar
 16811 | D:11     | Noticed Nergalle
 16817 | D:11     | Killed Nergalle
 16928 | D:11     | Reached skill level 15 in Ranged Weapons
 17390 | D:11     | Noticed Lodul
 17401 | D:11     | Killed Lodul
 17419 | D:11     | Found Xegip's Distillery.
 18496 | D:13     | Noticed Sonja
 18514 | D:13     | Killed Sonja
 18698 | Orc:1    | Entered Level 1 of the Orcish Mines
 18810 | Orc:1    | Reached ****** piety under Fedhas
 19185 | Orc:2    | Entered Level 2 of the Orcish Mines
 19294 | Orc:2    | Reached XP level 15. HP: 115/124 MP: 22/22
 19301 | Orc:2    | Found a flickering gateway to a bazaar.
 19312 | Bazaar   | Entered a bazaar
 19314 | Bazaar   | Found Bucsa's Antique Armour Shoppe.
 19322 | Bazaar   | Bought a pair of glimmering gloves for 152 gold pieces
 19322 | Bazaar   | Identified the +1 pair of gloves of the Pure Suns {rF-
                  | Regen+ rCorr Stlth-} (You bought it in a shop in a bazaar)
 19330 | Bazaar   | Found Omumma's Antique Weapon Boutique.
 19354 | Bazaar   | Found Sume's Magic Scroll Shop.
 19362 | Bazaar   | Bought a scroll of enchant weapon for 60 gold pieces
 19362 | Bazaar   | Bought a scroll of enchant armour for 60 gold pieces
 19362 | Bazaar   | Bought a scroll of enchant weapon for 60 gold pieces
 19362 | Bazaar   | Bought a scroll of blinking for 60 gold pieces
 19362 | Bazaar   | Bought a scroll of fear for 32 gold pieces
 19368 | Bazaar   | Found Kobituj's Magic Scroll Emporium.
 19373 | Bazaar   | Bought a scroll of enchant armour for 60 gold pieces
 19373 | Bazaar   | Bought a scroll of teleportation for 24 gold pieces
 19373 | Bazaar   | Bought a scroll of blinking for 60 gold pieces
 19373 | Bazaar   | Bought a scroll of teleportation for 24 gold pieces
 19407 | Orc:2    | Found a staircase to the Elven Halls.
 19426 | Orc:2    | Found a gate leading to a gauntlet.
 19435 | Gauntlet | Entered a Gauntlet
 19435 | Gauntlet | Found a transporter.
 19435 | Gauntlet | Found a transporter.
 19453 | Gauntlet | Found a transporter.
 19453 | Gauntlet | Found a transporter.
 19471 | Gauntlet | Found a transporter.
 19480 | Gauntlet | Found a transporter.
 19483 | Gauntlet | Found a transporter.
 19491 | Gauntlet | Found a transporter.
 19491 | Gauntlet | Found the +0 pair of fencer's gloves {Riposte Dex+3}
 19508 | Gauntlet | Found a transporter.
 19523 | Gauntlet | Found a transporter.
 19526 | Gauntlet | Found a transporter.
 19534 | Gauntlet | Found a transporter.
 19693 | Gauntlet | Identified the +1 sling of Fashraz {flame, rC+ Will+}
 19813 | Gauntlet | Reached skill level 10 in Invocations
 19832 | Gauntlet | Identified the ring "Tinac" {Will+ SInv}
 20117 | Orc:2    | Found Jisopor's Antique Armour Emporium.
 20371 | Orc:2    | Noticed an orc warlord
 20384 | Orc:2    | Killed an orc warlord
 20426 | Orc:2    | Found Sotsogema's Antique Armour Emporium.
 20431 | Orc:2    | Found Zyresaru's Antique Weapon Shoppe.
 20522 | Orc:2    | Found Voluev's Weapon Shop.
 20580 | Orc:2    | Bought a twisted helmet for 313 gold pieces
 20580 | Orc:2    | Identified the +0 helmet of Zin's Anger {Rampage Str+2
                  | Int+3} (You bought it in a shop on level 2 of the Orcish
                  | Mines)
 21499 | D:14     | Noticed Josephine
 21507 | D:14     | Killed Josephine
 21651 | D:14     | Noticed a sphinx
 21847 | D:14     | Killed a sphinx
 22219 | D:14     | Reached XP level 16. HP: 118/133 MP: 23/23
 22273 | D:14     | Noticed Roxanne
 22478 | D:14     | Found a gate to the Vaults.
 22751 | D:15     | Entered Level 15 of the Dungeon
 23038 | D:15     | Found a staircase to the Depths.
 23039 | D:15     | Noticed a fire giant
 23234 | D:15     | Identified the +1 morningstar of Midwinter {drain, Str+2
                  | Int+2 Dex+2}
 23386 | D:15     | Killed a fire giant
 23788 | Shoals:1 | Entered Level 1 of the Shoals
 23824 | Shoals:1 | Noticed Mlioglotl
 23838 | Shoals:1 | Killed Mlioglotl
 23988 | Shoals:1 | Reached skill level 15 in Fighting
 24133 | Shoals:1 | Found a runed translucent gate.
 24133 | Shoals:1 | Found a runed translucent gate.
 24133 | Shoals:1 | Found a runed translucent gate.
 24137 | Shoals:1 | Noticed ragingrage's ghost (journeyman DrCA)
 24200 | Shoals:1 | Found Yjoatzosk's Jewellery Emporium.
 24532 | Shoals:2 | Identified the +9 long sword of the Equator {heavy, Will+
                  | rCorr Str+7 Int-4}
 24589 | Shoals:2 | You fall into a shaft and drop 1 floor!
 25688 | Orc:2    | Bought the +4 moon troll leather armour {Spirit, Regen++
                  | MP+5} for 1798 gold pieces
 25688 | Orc:2    | Found the +4 moon troll leather armour {Spirit, Regen++
                  | MP+5}
 25991 | Shoals:4 | Entered Level 4 of the Shoals
 26020 | Shoals:4 | Reached skill level 1 in Armour
 26072 | Shoals:4 | Reached XP level 17. HP: 142/142 MP: 24/24
 26123 | Shoals:4 | Found Memuem's Weapon Boutique.
 26183 | Shoals:4 | Noticed a kraken
 26297 | Shoals:4 | Killed a kraken
 26358 | Shoals:4 | Reached skill level 15 in Dodging
 26440 | Shoals:4 | Reached skill level 11 in Invocations
 26632 | Shoals:4 | Found a runed translucent gate.
 26632 | Shoals:4 | Found a runed translucent gate.
 26632 | Shoals:4 | Found a runed translucent gate.
 26633 | Shoals:4 | Noticed Bai Suzhen
 26645 | Shoals:4 | Killed Bai Suzhen
 26766 | Shoals:4 | Got a barnacled rune of Zot
 27220 | Spider:1 | Entered Level 1 of the Spider Nest
 27314 | Spider:1 | Reached skill level 5 in Armour
 27525 | Spider:1 | Reached skill level 12 in Invocations
 27782 | Spider:1 | You fall into a shaft and drop 1 floor!
 27806 | Spider:2 | Reached XP level 18. HP: 108/151 MP: 17/27
 28855 | Spider:2 | Reached skill level 13 in Invocations
 30088 | Spider:3 | Noticed Agnes
 30101 | Spider:3 | Killed Agnes
 30221 | Spider:3 | Reached skill level 14 in Invocations
 30281 | Spider:4 | Entered Level 4 of the Spider Nest
 30327 | Spider:3 | Reached XP level 19. HP: 111/161 MP: 22/29
 31020 | Spider:4 | Reached skill level 10 in Armour
 31186 | Spider:4 | Got a gossamer rune of Zot
 31189 | Spider:4 | Reached skill level 15 in Invocations
 31189 | Spider:4 | Reached XP level 20. HP: 170/170 MP: 31/31
 31738 | Elf:1    | Entered Level 1 of the Elven Halls
 31832 | Elf:1    | Found Hits's Jewellery Boutique.
 32791 | Elf:2    | Noticed Nikola
 32801 | Elf:2    | Killed Nikola
 33105 | Elf:2    | Reached XP level 21. HP: 178/178 MP: 32/32
 33114 | Elf:2    | Found a huge runed translucent gate.
 33114 | Elf:2    | Found a huge runed translucent gate.
 33114 | Elf:2    | Found a huge runed translucent gate.
 33114 | Elf:2    | Found a huge runed translucent gate.
 33114 | Elf:2    | Found a huge runed translucent gate.
 33436 | Elf:3    | Entered Level 3 of the Elven Halls
 34443 | Elf:3    | Found the +13 scythe of Curses {drain, curses, Drain}
 34557 | Elf:3    | Identified the +9 trident of Onlaos {elec, Fly}
 34656 | Elf:3    | Identified the +0 shortbow "Buizxeva" {drain, rC+ rN+
                  | Int+3}
 34657 | Elf:3    | Identified the ring of Mirth {rElec Will++ MP+9 EV+5 Dex-3}
 34693 | Elf:3    | Got Adytwuof's Book of Sweltering Blows
 34696 | Elf:3    | Identified the +2 ring mail of Incorporation {Harm Str-4
                  | SInv Stlth+}
 35032 | Vaults:1 | Entered Level 1 of the Vaults
 35433 | Vaults:1 | Reached XP level 22. HP: 137/189 MP: 30/33
 36314 | Vaults:2 | Found a magical portal.
 36322 | WizLab   | Entered Cigotuvi's Fleshworks
 36508 | WizLab   | Paralysed by a floating eye for 3 turns
 36540 | WizLab   | Paralysed by a floating eye for 2 turns
 36561 | WizLab   | Found the -2 hat of the Alchemist {rElec rPois rF+ rC+ rN+
                  | Will+ rMut rCorr}
 36678 | WizLab   | Got Eneril's Teachings on Shapeshifting
 36683 | WizLab   | Got Situ's Commentary on Flesh
 37413 | Vaults:2 | Found Kerumer's Armour Emporium.
 38059 | Vaults:2 | Reached skill level 15 in Armour
 38698 | Vaults:3 | Reached XP level 23. HP: 196/196 MP: 34/34
 38778 | Vaults:3 | Reached skill level 1 in Transmutations
 38998 | Vaults:3 | Noticed Donald
 39010 | Vaults:3 | Killed Donald
 39148 | Vaults:3 | Reached skill level 16 in Invocations
 39497 | Vaults:3 | Learned a level 2 spell: Wereblood
 39612 | Vaults:3 | Reached skill level 1 in Spellcasting
 39850 | Vaults:3 | Found a staircase to the Crypt.
 40054 | Vaults:4 | Found a crumbling gateway.
 40061 | Desolati | Entered the Desolation of Salt
 40119 | Desolati | Reached skill level 17 in Invocations
 40379 | Desolati | Identified the +9 arbalest of Rotation {heavy, Contam Str+3
                  | Int+5 Dex+3}
 40462 | Desolati | Identified the ring of Cheibriados's Approval {rElec rC+
                  | rCorr Str+2}
 40513 | Desolati | Identified the +1 morningstar of Due Proportion {holy, rF-
                  | rN++ Str+5}
 40605 | Desolati | Identified the +3 short sword "Motulej" {protect, +Blink
                  | rC++ Int+4 Dex-3 Stlth+}
 40607 | Desolati | Got the Guidebook on Conflict
 40616 | Desolati | Reached XP level 24. HP: 204/204 MP: 35/35
 40947 | Vaults:4 | Identified the +7 chain mail of the Hugging Gods {Int+5}
 41180 | Vaults:4 | Reached skill level 18 in Invocations
 41383 | Vaults:4 | Found Otoygu's Weapon Shop.
 41860 | Vaults:4 | Reached skill level 5 in Transmutations
 42330 | Depths:1 | Entered Level 1 of the Depths
 42357 | Depths:1 | Identified the +8 spear "Myne" {flame, rN+ rCorr Int+2}
 42489 | Depths:1 | Reached skill level 10 in Stealth
 42550 | Depths:1 | Found a one-way gateway to a ziggurat.
 42931 | Depths:1 | Found a hide-covered altar of Uskayaw.
 43092 | Depths:1 | Found Nefueh's Jewellery Emporium.
 43260 | Depths:2 | Found a one-way gate leading to the halls of Pandemonium.
 43372 | Depths:2 | Noticed a caustic shrike
 43383 | Depths:2 | Noticed Ubraesch's ghost (adept TrMo)
 43836 | Depths:2 | Reached XP level 25. HP: 210/210 MP: 36/36
 43879 | Depths:2 | Noticed a caustic shrike
 43892 | Depths:2 | Found a transporter.
 43931 | Depths:2 | Found a transporter.
 44539 | Depths:2 | Killed a caustic shrike
 44611 | Depths:2 | Killed a caustic shrike
 44612 | Depths:2 | Reached skill level 19 in Invocations
 44876 | Depths:2 | Killed Ubraesch's ghost
 44934 | Depths:2 | Identified the ring of Yesterday {rPois rF+ Dex+2 SInv}
 44935 | Depths:2 | Identified the ring "Godaw" {Drain +Blink rPois Will+
                  | Int+6}
 44936 | Depths:2 | Identified the +4 helmet of the Three Knives {rN+ Str+3
                  | Int-5}
 45642 | Depths:4 | Entered Level 4 of the Depths
 45822 | Depths:4 | Identified the +9 battleaxe of Recklessness {freeze,
                  | +Blink}
 46190 | Depths:4 | Found a gate to the Realm of Zot.
 46323 | Depths:3 | Voluntarily entered the Abyss.
 46328 | Abyss:1  | Found a corrupted altar of Lugonu.
 46411 | Abyss:2  | Reached skill level 20 in Invocations
 46538 | Abyss:2  | Found a corrupted altar of Lugonu.
 47118 | Abyss:3  | Reached XP level 26. HP: 220/220 MP: 37/37
 47231 | Abyss:5  | Found a corrupted altar of Lugonu.
 47245 | Abyss:5  | Found a sacrificial altar of Ru.
 47375 | Abyss:5  | Gained mutation: Your magical capacity is low. (-10% MP) [a
                  | shining eye]
 47416 | Abyss:5  | Found a transporter.
 47477 | Abyss:5  | Noticed an ancient lich
 47488 | Abyss:5  | Killed an ancient lich
 47506 | Abyss:5  | Found a transporter.
 47510 | Abyss:5  | Found a transporter.
 47512 | Abyss:5  | Got an abyssal rune of Zot
 47534 | Abyss:5  | Noticed an ancient lich
 47537 | Depths:3 | Escaped the Abyss
 47669 | Zot:1    | Entered Level 1 of the Realm of Zot
 47872 | Zot:5    | Entered Level 5 of the Realm of Zot
 47969 | Zot:5    | Noticed a dread lich
 47969 | Zot:5    | Noticed an orb of fire
 47969 | Zot:5    | Noticed a Killer Klown
 47976 | Zot:5    | Noticed a Killer Klown
 47993 | Zot:5    | Killed an orb of fire
 47994 | Zot:5    | Reached skill level 21 in Invocations
 48001 | Zot:5    | Killed a dread lich
 48004 | Zot:5    | Killed a Killer Klown
 48018 | Zot:5    | Killed a Killer Klown
 48018 | Zot:5    | Noticed an ancient lich
 48031 | Zot:5    | Killed an ancient lich
 48039 | Zot:5    | Noticed an ancient lich
 48051 | Zot:5    | Killed an ancient lich
 48220 | Zot:5    | Noticed a Killer Klown
 48220 | Zot:5    | Noticed an orb of fire
 48222 | Zot:5    | Noticed a dread lich
 48226 | Zot:5    | Noticed an ancient lich
 48229 | Zot:5    | Killed an orb of fire
 48231 | Zot:5    | Noticed an ancient lich
 48231 | Zot:5    | Killed a dread lich
 48232 | Zot:5    | Reached XP level 27. HP: 228/231 MP: 24/34
 48263 | Zot:5    | Killed an ancient lich
 48271 | Zot:5    | Noticed an orb of fire
 48272 | Zot:5    | Killed an ancient lich
 48277 | Zot:5    | Gained mutation: Your body sometimes deteriorates upon
                  | taking damage. [an orb of fire]
 48284 | Zot:5    | Killed an orb of fire
 48286 | Zot:5    | Killed a Killer Klown
 48465 | Zot:5    | Reached skill level 22 in Invocations
 48681 | Zot:5    | Identified the +3 ring mail of an ice cave {-Cast rF+++
                  | rN++ MP-9}
 48809 | Zot:5    | Got the Orb of Zot
 48892 | Zot:5    | Noticed a Killer Klown
 49105 | D:15     | Noticed Giaggeel the pandemonium lord
 49290 | D:6      | Noticed Biec the pandemonium lord
 49414 | D:2      | Reached skill level 23 in Invocations
 49447 | D:$      | Escaped with the Orb!

Illustrated notes

Levels and vault maps discovered:
D:1:      minmay_arrival_three_doors, layout_rooms,
          hellmonk_ecumenical_altar_heavens_door, minmay_tromino_v2
D:2:      layout_rooms, ebering_dispersal_statue_hall, kennysheep_generic_room_6
D:3:      layout_loops_corners, old_standard_altar, minmay_misc_feat_pillars
D:4:      layout_rooms, tso_metal_star, mainiacjoe_overflow_six_doors_small
D:5:      layout_basic, mainiacjoe_overflow_chevrons, serial_corexii_hall,
          corexii_hall_statues_i, chequers_hall_statues_y, uniq_sigmund
D:6:      layout_cave_pods, okawaru_gym_becter,
          worldfamousw_hep_ancestral_shrine, nicolae_yredelemnul_corpse_copse,
          serial_shops, nicolae_shop_window_shopping, minivault_23,
          grunt_ministairs_2, hangedman_abyss_or_decor_stagger,
          bh_walls_and_bars, uniq_crazy_yiuf_cottage
D:7:      layout_loops_corners, makhleb_altar_promises_db,
          grunt_temple_overflow_open, minmay_temple_entry_stoned_glass,
          chequers_serial_rivers_micro_e, kennysheep_generic_room_3
D:8:      layout_basic, nicolae_elyvilon_temple_path,
          nicolae_ru_great_annihilating_truth, nicolae_overflow_squiral,
          uniq_psyche
D:9:      layout_rooms, nicolae_overflow_hidden_temple,
          nicolae_sif_muna_little_library, david_lair_generic,
          hangedman_minor_magic
D:10:     layout_gridville, orc_0_dummy
D:11:     layout_basic, serial_shops, shop, dk_noncrumbling_2, minivault_1,
          st_stairs_11, uniq_nergalle, uniq_fannar, uniq_lodul
D:12:     layout_small_grid
D:13:     layout_roguey, serial_co_window_serial, co_window_of_opportunity_a,
          co_window_paths_b, co_window_paths_a, co_window_corner_a,
          co_window_paths_a, co_window_broadway_c, co_window_unsneaky_path_b,
          co_window_corner_b, co_window_unsneaky_path_b,
          co_window_unsneaky_path_a, co_window_4corner_b, co_window_4corner_a,
          glass_columns_b, glass_columns_b, uniq_sonja
D:14:     minmay_heptahexagon, layout_gridville, david_vaults_5, uniq_roxanne,
          uniq_josephine
D:15:     grunt_enter_depths_giant_problem, layout_stronghold
Lair:1:   layout_misc_corridors
Lair:2:   layout_roguey, elwin_shoals_entry_rocks
Lair:3:   layout_chaotic_city, nicolae_spider_entry_tight_spaces,
          gammafunk_ghost_abyssal_escape, minivault_23,
          hangedman_lair_unloving_vines, pf_torpor_hydra, uniq_rupert
Lair:4:   layout_regular_city, bobbens_dragon_lair_wall
Lair:5:   evil_forest, layout_loops_ring, nicolae_slime_entry_slimehenge
Shoals:1: layout_shoals, ebering_ghost_rock_garden, serial_shops, shop,
          uniq_mlioglotl
Shoals:2: layout_shoals
Shoals:3: layout_shoals
Shoals:4: shoals_end_hangedman, layout_shoals, serial_shops, nicolae_shop_trees,
          nicolae_shoals_beach_cooler, uniq_bai_suzhen
Spider:1: nicolae_spider_broodchamber
Spider:2: layout_spider_delve
Spider:3: nicolae_spider_brood_tunnel, spiders_nest_hornet_nest, uniq_agnes
Spider:4: grunt_spider_rune_parallel
Orc:1:    layout_caves
Orc:2:    grunt_orc_community_town_hall, layout_caves,
          grunt_orc_community_big_house_2, grunt_orc_community_big_house_1,
          grunt_orc_community_house_2, grunt_orc_community_house_1,
          grunt_orc_community_house_3, grunt_orc_community_house_3,
          grunt_orc_community_house_2, gauntlet_entry_generic, serial_shops,
          bzr_entry_customers
Elf:1:    eino_elf_arrival_the_gate, layout_loops_corners, serial_shops,
          nicolae_shop_behind_doors, hangedman_corner_corridor
Elf:2:    elven_hall_of_blades_hangedman_alternative
          [nicolae_blade_entry_sentries_behind_glass], layout_loops_cross,
          uniq_nikola
Elf:3:    minmay_elf_hall_spiked, layout_onion_city
Vaults:1: v_misc_4, nicolae_vaults_specimen_jars, v_misc_12, v_rooms_3,
          nicolae_vaults_little_squares_6, vaults_room_fancy_cross,
          vaults_room_corners, vaults_room_grunt_arrival_ludios,
          nicolae_vaults_yaktaur_gun_rack, ontoclasm_vaults_idyll,
          nicolae_vaults_shelves_hall, vaults_room_semicircle,
          nicolae_vaults_shelves_hall, layout_vaults_big_room
Vaults:2: infiniplex_enter_wizlab_water, v_misc_18,
          ontoclasm_vaults_decontamination, vaults_dpeg_ring, st_spiral_rooms,
          ontoclasm_vaults_bender, hangedman_vaults_impose,
          grunt_vaults_hallway_short, hangedman_vaults_cutoff,
          layout_vaults_omnigrid, serial_shops, shop
Vaults:3: st_lines, ontoclasm_vaults_claustrophobia, dpeg_vaults_monster_box,
          hangedman_vaults_slice, nicolae_vaults_network_periphery,
          minmay_crypt_entry_simple_walls, vaults_mumra_minichess,
          v_alt_pattern_4, nicolae_vaults_alarming, grunt_vaults_hallway_long,
          ontoclasm_vaults_ligature, hangedman_vaults_snaps,
          nicolae_vaults_circle_grid_a, nicolae_vaults_rhombus_5,
          layout_vaults_maze, uniq_donald
Vaults:4: portal_desolation_entry_ruin, v_misc_2,
          nicolae_vaults_stairing_the_circle, nicolae_vaults_little_squares_5,
          ontoclasm_vaults_chip, v_rooms_2, v_misc_24, v_pattern_5,
          nicolae_vaults_little_squares_4, v_alt_pattern_1,
          nicolae_vaults_little_squares_3, ontoclasm_vaults_eye,
          layout_vaults_ring, serial_shops, nicolae_shop_crystal
Depths:1: layout_honeycomb, enter_ziggurat_f, nrook_campfire, serial_shops,
          nicolae_shop_trees, hell_entry, dk_noncrumbling_4,
          nicolae_uskayaw_en_pointe
Depths:2: nooodl_glass_maze, layout_honeycomb,
          gammafunk_ghost_berserking_beasts, grunt_hell_entry_dis_grunt,
          pan_entry, solitary_fountain
Depths:3: wad_pebble_path, layout_cave_pools, grunt_mini_vestibule,
          minmay_misc_feat_nine_boxes, abyss_entry, minmay_strange_pillars,
          hangedman_abyss_or_decor_passed, nrook_uturn
Depths:4: grunt_twist_and_shout, layout_twisted_cross, pf_coc_iceberg,
          serial_bayou_lagoon_a
Zot:1:    layout_cathedral_of_symmetry, skrybe_zot_glass_3, grunt_megastairs_2
Zot:2:    layout_gridville, nzn_ghost_randoct
Zot:3:    layout_misc_corridors, grunt_megastairs_5
Zot:4:    layout_cathedral_of_symmetry
Zot:5:    layout_misc_corridors

Skill      XL: |  1  2  3  4  5  6  7  8  9 10 11 12 13 14 15 16 17 18 19 20 21 22 23 24 25 26 27 |
---------------+----------------------------------------------------------------------------------+-----
Ranged Weapons | 1 2 3 4 7 8 9 11 12 14 16 17 18 | 18.0
Stealth        | 5 8 11 12 | 12.0
Fighting       | 3 4 5 6 7 9 11 12 13 14 15 16 17 18 19 20 21 22 | 22.3
Invocations    | 2 3 4 5 7 8 9 10 12 14 15 17 18 20 21 23 | 23.0
Dodging        | 4 6 8 9 11 12 14 15 16 17 18 19 20 21 22 | 22.3
Armour         | 1 6 9 10 11 13 15 | 15.8
Transmutations | 4 6 |  6.0
Spellcasting   | 2 |  2.0
Short Blades   | |  2.0
Throwing       | |  2.0

Action                     |  1- 3 |  4- 6 |  7- 9 | 10-12 | 13-15 | 16-18 | 19-21 | 22-24 | 25-27 || total
---------------------------+-------+-------+-------+-------+-------+-------+-------+-------+-------++-------
  Melee: Dagger            |     9 |    18 |       |       |       |       |       |       |       ||    27
         Trident           |       |    42 |   161 |    25 |       |       |       |       |       ||   228
         Punch             |       |     1 |     1 |       |       |       |       |       |       ||     2
         Kick              |       |       |    28 |     4 |       |       |       |       |       ||    32
   Fire: Sling             |    60 |   158 |   112 |    17 |       |       |       |       |       ||   347
         Arbalest          |       |       |       |   346 |  1061 |  1190 |   636 |  1563 |  1210 ||  6006
         Shortbow          |       |       |       |    34 |       |       |       |       |       ||    34
  Throw: Dart              |    11 |    10 |     7 |    11 |       |       |       |       |       ||    39
   Cast: Wereblood         |       |       |       |       |       |       |       |    11 |     5 ||    16
 Invoke: Wall of Briars    |       |     4 |     4 |    14 |    12 |     5 |       |     2 |     1 ||    42
         Grow Ballistomyce |       |       |       |     2 |     4 |     5 |     3 |     5 |     2 ||    21
         Grow Oklob        |       |       |       |       |     1 |     1 |     4 |       |     9 ||    15
         Overgrow          |       |       |       |       |     1 |       |       |       |     1 ||     2
  Evoke: Wand              |       |       |       |     3 |       |       |       |     1 |       ||     4
    Use: Potion            |     1 |     1 |     5 |     3 |     1 |     2 |     4 |     1 |    13 ||    31
         Scroll            |       |     4 |     2 |    12 |    14 |    10 |     8 |     9 |    15 ||    74
   Stab: Sleeping          |       |     2 |     8 |       |       |       |       |       |       ||    10
 Armour: Leather armour    |     7 |    24 |    62 |    78 |    23 |       |       |       |       ||   194
         Skin              |       |       |    17 |       |       |       |       |       |       ||    17
         Steam dragon scal |       |       |       |       |    41 |       |       |       |       ||    41
         Troll leather arm |       |       |       |       |    86 |   291 |    82 |   191 |   134 ||   784
  Dodge: Dodged            |    16 |    55 |   157 |   297 |   643 |  1139 |   273 |  1533 |  1103 ||  5216
  Block: Other             |       |       |       |       |       |   391 |   122 |   478 |   286 ||  1277

Table legend: (Time is in decaauts)
 A = Elapsed time spent in this place.
 B = Non-inter-level travel time spent in this place.
 C = Inter-level travel time spent in this place.
 D = Time resting spent in this place.
 E = Time spent auto-exploring this place.
 F = Levels seen in this place.
 G = Mean time per level.
                   A        B        C        D        E       F      G
               +--------+--------+--------+--------+--------+-----+--------+
         Total |  50535 |  46733 |   3802 |   1193 |  33944 |  55 |  918.8 |
       Dungeon |  16881 |  15168 |   1713 |    160 |  11943 |  15 | 1125.4 |
          Lair |   6470 |   5995 |    475 |    364 |   4741 |   5 | 1294.0 |
        Shoals |   3466 |   3124 |    342 |     24 |   2472 |   4 |  866.5 |
   Spider Nest |   4396 |   4180 |    216 |    343 |   2552 |   4 | 1099.0 |
  Orcish Mines |   1719 |   1396 |    323 |      0 |    872 |   2 |  859.5 |
   Elven Halls |   3125 |   2983 |    142 |     82 |   2252 |   3 | 1041.7 |
        Vaults |   5658 |   5418 |    240 |     54 |   3970 |   4 | 1414.5 |
        Depths |   4230 |   4027 |    203 |     79 |   2905 |   4 | 1057.5 |
           Zot |   1288 |   1144 |    144 |     87 |    547 |   5 |  257.6 |
         Abyss |   1204 |   1204 |      0 |      0 |    644 |   5 |  240.8 |
        Bazaar |     82 |     82 |      0 |      0 |      0 |   1 |   82.0 |
        Wizlab |    731 |    731 |      0 |      0 |    442 |   1 |  731.0 |
    Desolation |    836 |    836 |      0 |      0 |    432 |   1 |  836.0 |
      Gauntlet |    443 |    443 |      0 |      0 |    167 |   1 |  443.0 |
               +--------+--------+--------+--------+--------+-----+--------+

Top non-repeatable levels by time:
     D:8: 1835 daAuts
Depths:2: 1793 daAuts
     D:6: 1641 daAuts
  Lair:1: 1528 daAuts
Vaults:3: 1517 daAuts
Spider:2: 1471 daAuts
Vaults:2: 1468 daAuts
  Lair:3: 1443 daAuts
    D:14: 1423 daAuts
    D:11: 1417 daAuts
Vaults:4: 1375 daAuts
   Elf:3: 1351 daAuts
  Lair:5: 1322 daAuts
Shoals:4: 1306 daAuts
Vaults:1: 1297 daAuts
